 Dungeon Crawl Stone Soup version 0.23.2-1-ga50397a (webtiles) character file.

Game seed: 3264530631756755379

108 diana the Ducker (level 4, 0/34 HPs)
             Began as a Demonspawn Gladiator on May 7, 2019.
             Slain by a gnoll
             ... wielding a +0 club
              (4 damage)
             ... on level 3 of the Dungeon.
             The game lasted 00:02:24 (2356 turns).

diana the Ducker (Demonspawn Gladiator)             Turns: 2356, Time: 00:02:25

Health: 0/34       AC:  6    Str: 15    XL:     4   Next: 58%
Magic:  4/4        EV: 13    Int:  9    God:
Gold:   113        SH:  0    Dex: 15    Spells: 3/3 levels left

rFire    . . .     SeeInvis .   a - +0 long sword
rCold    + . .     Gourm    .   (no shield)
rNeg     . . .     Faith    .   b - +0 leather armour
rPois    .         Spirit   .   c - +0 helmet
rElec    .         Reflect  .   (no cloak)
rCorr    .         Harm     .   (no gloves)
MR       .....                  (no boots)
Stlth    +.........             (no amulet)
HPRegen  0.11/turn              n - +2 ring of protection
MPRegen  0.09/turn              (no ring)

@: no status effects
A: cold resistance 1, powered by death 2
a: no special abilities


You were on level 3 of the Dungeon.
You were not hungry.

You visited 1 branch of the dungeon, and saw 4 of its levels.

You collected 113 gold pieces.

Inventory:

Hand Weapons
 a - a +0 long sword (weapon)
Missiles
 d - 3 throwing nets (quivered)
Armour
 b - a +0 leather armour (worn)
 c - a +0 helmet (worn)
Jewellery
 n - a +2 ring of protection (left hand)
 q - an uncursed ring of poison resistance {unknown}
Scrolls
 h - a scroll of random uselessness {unknown}
 i - 2 scrolls of enchant weapon {unknown}
 j - 2 scrolls of teleportation {unknown}
 k - 3 scrolls of remove curse {unknown}
 l - 2 scrolls of fear {unknown}
 m - 5 scrolls of identify {unknown}
 p - a scroll of noise {unknown}
Potions
 e - 2 potions of curing {unknown}
 g - 2 potions of lignification {unknown}
 o - a potion of brilliance {unknown}
Comestibles
 f - 8 rations


   Skills:
 + Level 2.8 Fighting
 + Level 3.2 Long Blades
 - Level 1.7 Throwing
 + Level 1.5 Armour
 * Level 3.6 Dodging


You had 3 spell levels left.
You didn't know any spells.
Your spell library contained the following spells:

 Spells                   Type           Power        Failure   Level  Hunger
 Animate Skeleton         Necr           N/A          45%         1    ##.....
 Pain                     Necr           #...         45%         1    ##.....
 Regeneration             Chrm/Necr      #.........   83%         3    ####...
 Vampiric Draining        Necr           #.........   83%         3    ####...
 Animate Dead             Necr           N/A          99%         4    #####..


Dungeon Overview and Level Annotations

Branches:
Dungeon (4/15)
 Temple: D:4-7

Altars:
Elyvilon
Qazlal
Uskayaw
Yredelemnul


Innate Abilities, Weirdness & Mutations

Your flesh is cold resistant. (rC+)
You regenerate health from kills.


Message History

The gnoll hits you from afar with a +0 halberd!
* * * LOW HITPOINT WARNING * * *
The gnoll hits you from afar with a +0 spear.
* * * LOW HITPOINT WARNING * * *
You feel sick.
You feel sick.
You feel sick.
You feel sick.
You are no longer poisoned.
There is a stone staircase leading up here.
The gnoll hits you but does no damage.
You climb upwards.
There is a stone staircase leading down here.
You slash the gnoll!
The gnoll is severely wounded.
The gnoll hits you but does no damage.
You closely miss the gnoll.
The gnoll is severely wounded.
The gnoll hits you with a +0 club.
You die...

######.##..#♣♣♣♣♣#♣...♣♣#..##.###
#.###.######♣..♣♣###........ #.#
#.........♣###.......### #.#
####.....###....######
#.######.........#..#
#.....###.#.######.## #####.#
#...# #.# #.####.#######>#
#......@g......# ################


You could see a gnoll.

Vanquished Creatures
  A gnoll (D:4)
  3 adders
  An ooze (D:1)
  4 worms
  2 leopard geckos (D:3)
  A ball python (D:1)
  6 giant cockroaches
  10 goblins
  2 jackals (D:1)
  3 quokkas
  6 bats
  A frilled lizard (D:2)
  8 kobolds
  4 rats
52 creatures vanquished.

Notes
Turn   | Place    | Note
-------+----------+-------------------------------------------
     0 | D:1      | diana the Demonspawn Gladiator began the quest for the Orb.
     0 | D:1      | Reached XP level 1. HP: 16/16 MP: 1/1
   162 | D:1      | Gained mutation: You regenerate a little health from kills.
                  | [demonic ancestry]
   162 | D:1      | Reached XP level 2. HP: 22/22 MP: 2/2
   474 | D:1      | Reached skill level 1 in Armour
   474 | D:1      | Gained mutation: Your flesh is cold resistant. (rC+)
                  | [demonic ancestry]
   474 | D:1      | Reached XP level 3. HP: 19/28 MP: 3/3
  1228 | D:3      | Found a basalt altar of Yredelemnul.
  1293 | D:3      | Gained mutation: You regenerate health from kills. [demonic
                  | ancestry]
  1293 | D:3      | Reached XP level 4. HP: 15/34 MP: 4/4
  1313 | D:3      | Found a stormy altar of Qazlal.
  1865 | D:3      | Found a hide-covered altar of Uskayaw.
  2092 | D:3      | Found a white marble altar of Elyvilon.
  2356 | D:3      | Slain by a gnoll

Skill      XL: |  1  2  3 |
---------------+----------+-----
Dodging        | 3 |  3.6
Armour         | 1 |  1.5
Long Blades    | 3 |  3.2
Fighting       | |  2.8
Throwing       | |  1.7

Action                   |  1- 3 |  4- 6 || total
-------------------------+-------+-------++-------
Melee: Long sword        |   100 |    29 ||   129
 Stab: Sleeping          |     3 |       ||     3
  Eat: Chunk             |       |     5 ||     5
Armor: Leather armour    |    21 |    10 ||    31
Dodge: Dodged            |    60 |    24 ||    84
       Rpst.: Long sword |    17 |    16 ||    33
